 Dungeon Crawl Stone Soup version 0.23.1 (webtiles) character file.

Game seed: 13197841321450154217

7 Borgoz the Sneak (level 2, -2/20 HPs)
             Began as a Ghoul Enchanter on Mar 9, 2019.
             Slain by a gnoll
             ... wielding a +0 spear
              (5 damage)
             ... on level 1 of the Dungeon.
             The game lasted 00:00:52 (326 turns).

Borgoz the Sneak (Ghoul Enchanter)                   Turns: 326, Time: 00:00:53

Health: -2/20      AC:  5    Str: 11    XL:     2   Next: 0%
Magic:  1/3        EV: 10    Int: 10    God:
Gold:   0          SH:  0    Dex:  9    Spells: 1/4 levels left

rFire    + . .     SeeInvis .   b - +1 short sword (flame)
rCold    . . .     Gourm    .   (no shield)
rNeg     + + +     Faith    .   g - +0 ring mail
rPois    ∞         Spirit   .   (no helmet)
rElec    .         Reflect  .   (no cloak)
rCorr    .         Harm     .   (no gloves)
MR       .....                  (no boots)
Stlth    +.........             (no amulet)
HPRegen  0.00/turn              e - ring of fire
MPRegen  0.08/turn              (no ring)

@: very slightly contaminated, rotting
A: rotting body, claws 1, carnivore, cold resistance 1, negative energy
resistance 3, inhibited regeneration, torment resistance, unbreathing
a: no special abilities


You were on level 1 of the Dungeon.
You were not hungry.

You visited 1 branch of the dungeon, and saw 1 of its levels.

Inventory:

Hand Weapons
 b - a +1 short sword of flaming (weapon)
Armour
 g - a +0 ring mail (worn)
Jewellery
 e - a ring of fire (left claw)
Scrolls
 a - a scroll of teleportation {unknown}
 f - a scroll of random uselessness {unknown}
Comestibles
 c - 2 chunks of flesh
 d - a ration


   Skills:
 * Level 1.1 Short Blades
 * Level 0.5 Armour
 * Level 2.0 Dodging
 + Level 3.3 Stealth
 - Level 1.7 Spellcasting
 - Level 2.4 Hexes


You had one spell level left.
You knew the following spells:

 Your Spells              Type           Power        Failure   Level  Hunger
a - Corona                Hex            #......      28%         1    ##.....
b - Ensorcelled Hibernat  Hex/Ice        #.....       58%         2    ###....

Your spell library contained the following spells:

 Spells                   Type           Power        Failure   Level  Hunger
 Confuse                  Hex            #.......     65%         3    ####...
 Tukima's Dance           Hex            #.......     65%         3    ####...
 Dazzling Spray           Conj/Hex       #.....       82%         3    ####...


Dungeon Overview and Level Annotations

Branches:
Dungeon (1/15)

Altars:


Innate Abilities, Weirdness & Mutations

Your body is rotting away.
You thrive on raw meat.
You are immune to poison.
You have sharp fingernails.
You are carnivorous and can eat meat at any time.
Your flesh is cold resistant. (rC+)
You are immune to negative energy. (rN+++)
You do not regenerate when monsters are visible.
You are immune to unholy pain and torment.
You can survive without breathing.


Message History

Cast which spell? (? or * to list)
Aiming: Ensorcelled Hibernation (safe; 58% risk of failure)
Press: ? - help, Shift-Dir - straight line, f - gnoll
Aim: a gnoll, wielding a +0 spear (severely wounded, chance to defeat MR: 44%)
You miscast Ensorcelled Hibernation.
You are very lightly contaminated with residual magic.
A chill runs through your body. The gnoll hits you with a +0 spear.
* * * LOW HITPOINT WARNING * * *
Casting: Ensorcelled Hibernation (safe; 58% risk of failure)
Confirm with . or Enter, or press ? or * to list all spells.
You don't have enough magic to cast that spell.
Unknown command.
You closely miss the gnoll.
The gnoll is severely wounded.
The gnoll hits you with a +0 spear.
* * * LOW HITPOINT WARNING * * *
You barely miss the gnoll.
The gnoll is severely wounded.
The gnoll hits you with a +0 spear.
You die...

... ... . # ..#
.# .### ..#..#
# ...###..#..#
##.##..........
##..........#
......g@....#
##.######..## #
#. #####..#
#.##.##......#
#.......###..#
#.......# #..#
#....>..###..#
#........##..#
#........#...#


You could see a gnoll.

Vanquished Creatures
  2 goblins (D:1)
  A hobgoblin (D:1)
  2 bats (D:1)
  A kobold (D:1)
  A rat (D:1)
7 creatures vanquished.

Notes
Turn   | Place    | Note
-------+----------+-------------------------------------------
     0 | D:1      | Borgoz the Ghoul Enchanter began the quest for the Orb.
     0 | D:1      | Reached XP level 1. HP: 14/14 MP: 2/2
   120 | D:1      | Reached skill level 1 in Short Blades
   211 | D:1      | Reached XP level 2. HP: 20/20 MP: 3/3
   270 | D:1      | Learned a level 2 spell: Ensorcelled Hibernation
   326 | D:1      | Slain by a gnoll

Skill      XL: |  1 |
---------------+----+-----
Short Blades   | 1 |  1.1
Dodging        | 2 |  2.0
Armour         | |  0.5
Stealth        | |  3.3
Spellcasting   | |  1.7
Hexes          | |  2.4

Action                   || total
-------------------------++-------
Melee: Dagger            ||    24
       Short sword       ||     8
 Stab: Sleeping          ||     3
  Eat: Chunk             ||     2
Armor: Robe              ||     5
       Ring mail         ||     2
Dodge: Dodged            ||    20
